 Dungeon Crawl Stone Soup version 0.19.1 (webtiles) character file.

2965 Rrauwl the Skirmisher (level 9, -16/118 HPs)
             Began as a Yellow Draconian Hunter on Nov 26, 2016.
             Was an Elder of Kikubaaqudgha.
             Killed from afar by veyX's ghost (30 damage)
             ... with a puff of flame
             ... on level 8 of the Dungeon on Nov 27, 2016.
             The game lasted 00:54:26 (7200 turns).

Rrauwl the Skirmisher (Yellow Draconian Hunter)     Turns: 7200, Time: 00:54:31

Health: -16/118    AC: 24    Str: 15    XL:     9   Next: 52%
Magic:  15/15      EV:  2    Int: 14    God:    Kikubaaqudgha [****..]
Gold:   218        SH:  0    Dex: 17    Spells: 1 memorised, 15 levels left

rFire  x . .     SeeInvis .     u - +0 mace (drain)
rCold  + . .     Gourm    .     (armour unavailable)
rNeg   + + +     Faith    .     (no shield)
rPois  +         Spirit   .     (helmet currently unavailable)
rElec  .         Reflect  .     (cloak currently unavailable)
rCorr  .         Harm     .     (gloves currently unavailable)
MR     .....     NoTele   +     (boots currently unavailable)
Stlth  +++.......               (no amulet)
                                r - ring of flight
                                o - ring of ice

@: agile, tree-form
A: (spit acid), (acid resistance), unfitting armour, wild magic 1,
(cold-blooded), AC +7
a: Receive Corpses, Renounce Religion


You were on level 8 of the Dungeon.
You worshipped Kikubaaqudgha.
Kikubaaqudgha was greatly pleased with you.
You were not hungry.
You were a tree.
You visited 1 branch of the dungeon, and saw 8 of its levels.

You collected 218 gold pieces.

Inventory:

Hand Weapons
 a - a +2 hand crossbow
 n - a +0 arbalest
 u - a +0 mace of draining (weapon)
 v - a +4 quarterstaff of chaos
Missiles
 c - 5 bolts
Armour
 k - a +0 pair of gloves (melded)
 w - a +0 cloak (melded)
Jewellery
 o - a ring of ice (left branch)
 r - a ring of flight (right branch)
Wands
 l - a wand of flame (0/48)
 m - a wand of acid (0/15)
 x - a wand of digging (8/24)
 C - a wand of lightning (9/15)
Scrolls
 f - 6 scrolls of identify
 h - 2 scrolls of amnesia
 t - a scroll of enchant armour
 y - a scroll of fear
Potions
 e - 3 potions of cancellation
 j - 2 potions of curing
 B - 2 potions of mutation
Books
 b - Kikubaaqudgha's Catalogue of Stolen Souls
   (Kikubaaqudgha gifted it to you on level 5 of the Dungeon)

   Spells                             Type                      Level
   a - Excruciating Wounds            Charms/Necromancy            5
   b - Bolt of Draining               Conjuration/Necromancy       5
   c - Cigotuvi's Embrace             Necromancy                   5
   d - Dispel Undead                  Necromancy                   5
   e - Simulacrum                     Ice/Necromancy               6
 q - Kikubaaqudgha's Handbook of Necromancy
   (Kikubaaqudgha gifted it to you on level 3 of the Dungeon)

   Spells                             Type                      Level
   a - Animate Skeleton               Necromancy                   1
   b - Corpse Rot                     Necromancy                   2
   c - Sublimation of Blood           Necromancy                   2
   d - Vampiric Draining              Necromancy                   3
   e - Control Undead                 Necromancy                   4
 s - a book of Maledictions

   Spells                             Type                      Level
   a - Corona                         Hexes                        1
   b - Ensorcelled Hibernation        Hexes/Ice                    2
   c - Confuse                        Hexes                        3
   d - Tukima's Dance                 Hexes                        3
   e - Dazzling Spray                 Conjuration/Hexes            3
Comestibles
 d - 8 bread rations
 i - a beef jerky
 p - 3 meat rations


   Skills:
 - Level 7.0 Fighting
 + Level 6.1 Maces & Flails
 - Level 6.0 Crossbows
 - Level 2.0 Dodging
 - Level 1.0 Stealth
 + Level 4.3 Spellcasting
 + Level 4.7 Necromancy
 + Level 4.3 Evocations


You had 15 spell levels left.
You knew the following spells:

 Your Spells              Type           Power        Failure   Level  Hunger
a - Animate Skeleton      Necr           N/A          4%          1    None


Dungeon Overview and Level Annotations

Branches:
Dungeon (8/15)             Temple (0/1) D:5
   Lair: D:8-11

Altars:
Dithmenos
Elyvilon
Kikubaaqudgha
Sif Muna
Trog
Zin

Annotations:
D:8 veyX's ghost, novice HOFE


Innate Abilities, Weirdness & Mutations

((You can spit globs of acid.))
((You are resistant to acid.))
((Your golden yellow scales are hard. (AC +7)))
You cannot fit into any form of body armour.
((You are cold-blooded and may be slowed by cold attacks.))
Your spells are a little harder to cast, but a little more powerful.


Message History

You hit veyX's ghost.
VeyX's ghost is almost destroyed.
VeyX's ghost barely misses you.
You barely miss veyX's ghost.
VeyX's ghost is almost destroyed.
VeyX's ghost casts a spell at you. The puff of flame hits you!
You hit veyX's ghost.
VeyX's ghost is almost destroyed.
VeyX's ghost shrieks, "You must not fail where I succeeded!"
VeyX's ghost points at you and mumbles some strange words.
The puff of flame hits you!
You hit veyX's ghost.
VeyX's ghost is almost destroyed.
VeyX's ghost hits you but does no damage.
VeyX's ghost points at you and mumbles some strange words.
Helpless, you fail to dodge the puff of flame.
The fire burns you terribly!
You die...
Kikubaaqudgha rasps: "You have failed me!
Welcome... death!"

........# o.. ........# #.#
....o.W##### #.#
...........#####.#
.......###)†))##.#
8...8..######)##.# ..8.....#
#).#)# ........### ##.#W#
..........####.#♣###
..........)))......#
#.......#####).....#########
.#.....<# #####..........#
#.#.....# #.#........#
##.#...## #..#########
##.#..# ##.# ##.#.# #.#
#####.############.###


You could see veyX's ghost.

Vanquished Creatures
  Prince Ribbit (D:7)
  Sigmund (D:2)
  Eustachio (D:4)
  Menkaure (D:7)
  A water moccasin (D:7)
  The ghost of sheala the Digger, an amateur GrEE (D:4)
  A sky beast (D:5)
  An ice beast (D:7)
  2 ogres
  A centaur (D:5)
  A bullfrog (D:8)
  A big kobold (D:8)
  3 scorpions
  4 killer bees (D:8)
  A hound (D:4)
  A quasit (D:5)
  10 orc priests
  Crazy Yiuf (D:3)
  3 jellies
  9 orc wizards
  Jessica (D:2)
  An iguana (D:5)
  Natasha (D:3)
  2 worker ants
  Robin (D:4)
  12 adders
  8 gnolls
  An ooze (D:1)
  An adder zombie (D:5)
  2 adder skeletons
  3 worms
  4 dart slugs
  5 leopard geckos
  31 orcs
  10 giant cockroaches
  16 goblins
  9 hobgoblins
  4 jackals (D:1)
  3 quokkas
  3 ball pythons
  6 bats
  6 frilled lizards
  16 kobolds
  2 leopard gecko zombies
  6 rats
  A fungus (D:3)
200 creatures vanquished.

Notes
Turn   | Place    | Note
-------+----------+-------------------------------------------
     0 | D:1      | Rrauwl the Draconian Hunter began the quest for the Orb.
     0 | D:1      | Reached XP level 1. HP: 17/17 MP: 1/1
    56 | D:1      | Reached skill level 1 in Stealth
   214 | D:1      | Reached XP level 2. HP: 20/25 MP: 2/2
   754 | D:2      | Reached skill level 3 in Fighting
   764 | D:2      | Reached XP level 3. HP: 31/31 MP: 3/3
   818 | D:2      | Found a bloodstained altar of Trog.
   985 | D:2      | Reached XP level 4. HP: 7/39 MP: 4/4
  1393 | D:2      | Noticed Sigmund
  1409 | D:2      | Killed Sigmund
  1409 | D:2      | Reached skill level 5 in Fighting
  1409 | D:2      | Reached skill level 5 in Crossbows
  1409 | D:2      | Reached XP level 5. HP: 48/48 MP: 5/5
  1480 | D:2      | Noticed Jessica
  1483 | D:2      | Killed Jessica
  1483 | D:2      | Reached XP level 6. HP: 56/56 MP: 6/6
  2217 | D:3      | Found a faded altar of an unknown god.
  2241 | D:3      | Became a worshipper of Kikubaaqudgha
  2241 | D:3      | Reached * piety under Kikubaaqudgha
  2241 | D:3      | Identified Kikubaaqudgha's Handbook of Necromancy (Kikubaaqudgha gifted it to you on level 3 of the Dungeon)
  2241 | D:3      | Received a gift from Kikubaaqudgha
  2245 | D:3      | Learned a level 1 spell: Animate Skeleton
  2415 | D:3      | Noticed Natasha
  2419 | D:3      | Killed Natasha
  2629 | D:3      | Found a runed door.
  2635 | D:3      | Noticed Crazy Yiuf
  2640 | D:3      | Killed Crazy Yiuf
  3077 | D:4      | Noticed sheala's ghost (amateur GrEE)
  3089 | D:4      | Killed sheala's ghost
  3089 | D:4      | Reached skill level 6 in Fighting
  3089 | D:4      | Reached skill level 1 in Maces & Flails
  3089 | D:4      | Your scales start taking on a golden yellow colour.
  3089 | D:4      | Reached XP level 7. HP: 40/63 MP: 7/7
  3125 | D:4      | HP: 2/64 [hobgoblin/spear (5)]
  3129 | D:4      | Reached ** piety under Kikubaaqudgha
  3514 | D:4      | Noticed Eustachio
  3553 | D:4      | Killed Eustachio
  3725 | D:4      | Noticed Robin
  3732 | D:4      | Killed Robin
  3732 | D:4      | Reached skill level 7 in Fighting
  3924 | D:4      | Gained mutation: You are weak. (Str -2) [potion of mutation]
  3924 | D:4      | Gained mutation: You regenerate slowly when monsters are visible. [potion of mutation]
  3924 | D:4      | Gained mutation: You are clumsy. (Dex -2) [potion of mutation]
  3962 | D:4      | Reached skill level 1 in Spellcasting
  3964 | D:4      | Reached skill level 1 in Necromancy
  3964 | D:4      | Reached XP level 8. HP: 52/73 MP: 9/9
  4585 | D:5      | Entered Level 5 of the Dungeon
  4685 | D:5      | Reached *** piety under Kikubaaqudgha
  4685 | D:5      | Identified Kikubaaqudgha's Catalogue of Stolen Souls (Kikubaaqudgha gifted it to you on level 5 of the Dungeon)
  4685 | D:5      | Received a gift from Kikubaaqudgha
  4724 | D:5      | Found a deep blue altar of Sif Muna.
  4937 | D:5      | Found a white marble altar of Elyvilon.
  5034 | D:5      | Lost mutation: You are weak. (Str -2) [potion of cure mutation]
  5034 | D:5      | Lost mutation: You regenerate slowly when monsters are visible. [potion of cure mutation]
  5034 | D:5      | Lost mutation: You are clumsy. (Dex -2) [potion of cure mutation]
  5077 | D:5      | Found a staircase to the Ecumenical Temple.
  5089 | D:5      | Found a shadowy altar of Dithmenos.
  5678 | D:6      | Reached skill level 1 in Evocations
  5851 | D:6      | Gained mutation: Your spells are a little harder to cast, but a little more powerful. [potion of beneficial mutation]
  5865 | D:6      | Found a glowing silver altar of Zin.
  5865 | D:6      | Noticed an angel
  6001 | D:7      | Reached skill level 5 in Maces & Flails
  6092 | D:7      | Noticed Prince Ribbit
  6108 | D:7      | Killed Prince Ribbit
  6108 | D:7      | Reached XP level 9. HP: 57/79 MP: 14/14
  6312 | D:7      | Noticed Menkaure
  6315 | D:7      | Killed Menkaure
  6753 | D:8      | Reached **** piety under Kikubaaqudgha
  7050 | D:8      | Noticed veyX's ghost (novice HOFE)
  7200 | D:8      | Killed from afar by veyX's ghost

Skill      XL: |  1  2  3  4  5  6  7  8  9 |
---------------+----------------------------+-----
Stealth        | 1 |  1.0
Dodging        | 2 |  2.0
Fighting       | 3 5 6 7 |  7.0
Crossbows      | 4 5 6 |  6.0
Maces & Flails | 1 3 5 6 |  6.1
Spellcasting   | 1 3 4 |  4.3
Necromancy     | 1 3 4 |  4.7
Evocations     | 2 4 |  4.3

Action                   |  1- 3 |  4- 6 |  7- 9 || total
-------------------------+-------+-------+-------++-------
Melee: Mace              |       |    23 |   133 ||   156
       Tailslap          |       |     2 |     9 ||    11
 Fire: Hand crossbow     |    71 |    71 |       ||   142
       Arbalest          |       |    45 |   257 ||   302
Evoke: Wand              |       |     8 |    11 ||    19
  Use: Scroll            |     6 |     5 |     3 ||    14
       Potion            |     2 |     2 |    13 ||    17
  Eat: Chunk             |       |     7 |     8 ||    15
       Pizza             |       |       |     1 ||     1
       Royal jelly       |       |       |     1 ||     1
       Beef jerky        |       |       |     1 ||     1
Armor: Skin              |     6 |    30 |   155 ||   191
Dodge: Dodged            |    20 |    54 |   275 ||   349
